 Dungeon Sprint DCSS version 0.20.1-1-g8b1a95d (webtiles) character file.

9300000 pkoi the Axe Maniac (level 27, -67/249 HPs)
             Began as a Demonspawn Warper on Oct 16, 2017.
             Killed from afar by a wretched soul (81 damage)
             ... with a bolt of negative energy
             ... in the Dungeon (Sprint VIII: "Arena of Blood").
             The game lasted 00:03:36 (93 turns).

pkoi the Axe Maniac (Demonspawn Warper)               Turns: 93, Time: 00:03:36

Health: -67/249    AC: 10    Str: 21    XL:     27
Magic:  27/54      EV: 31    Int: 15    God:
Gold:   0          SH:  0    Dex: 16    Spells: 78/80 levels left

rFire    + + .     SeeInvis .   l - +∞ Axe of Woe
rCold    + . .     Gourm    .   (shield currently unavailable)
rNeg     . . .     Faith    .   b - +0 leather armour
rPois    .         Spirit   .   (no helmet)
rElec    .         Reflect  .   (no cloak)
rCorr    .         Harm     .   (no gloves)
MR       ++...     NoTele   +   (boots unavailable)
Stlth    +++++++++.             (no amulet)
Regen    0.6/turn               m - ring of protection from fire
MPRegen  0.4/turn               (no ring)

@: drained
A: hooves 3, molten scales 3, cold resistance 1, icemail, spiny 3, augmentation
3, freezing cloud immunity
a: no special abilities


You were in the Dungeon.
You were not hungry.

You visited 1 branch

Inventory:

Hand Weapons
 a - a +0 hand axe
 l - the +∞ Axe of Woe (weapon)
   (You found it in the Dungeon)
Missiles
 e - 5 tomahawks of dispersal (quivered)
Armour
 b - a +0 leather armour (worn)
Jewellery
 m - a ring of protection from fire (left hand)
Scrolls
 d - 2 scrolls of blinking
Potions
 g - a potion of curing
 h - a potion of heal wounds
 i - a potion of haste
 j - 2 potions of magic
 k - a potion of berserk rage
Books
 c - a book of Spatial Translocations

   Spells                             Type                      Level
   a - Blink                          Translocation                2
   b - Shroud of Golubria             Charms/Translocation         2
   c - Lesser Beckoning               Translocation                3
   d - Gell's Gravitas                Translocation                3
   e - Teleport Other                 Translocation                3
   f - Passage of Golubria            Translocation                4
Comestibles
 f - a bread ration


   Skills:
 O Level 27(25.5) Fighting
 O Level 27(25.5) Axes
 O Level 27(25.5) Throwing
 O Level 27(25.5) Armour
 O Level 27(25.5) Dodging
 O Level 27(25.5) Stealth
 O Level 27(25.5) Unarmed Combat
 O Level 27(25.5) Spellcasting
 O Level 27(25.5) Translocations


You had 78 spell levels left.
You knew the following spells:

 Your Spells              Type           Power        Failure   Level  Hunger
a - Blink                 Tloc           N/A          0%          2    None


Dungeon Overview and Level Annotations

Branches:
Dungeon (1/1)

Altars:
Makhleb


Innate Abilities, Weirdness & Mutations

You have hooves in place of feet.
You are completely covered in molten scales. (AC +4, rF+)
Your flesh is cold resistant. (rC+)
A meltable icy envelope protects you from harm. (AC +0)
You are completely covered in sharp spines.
Your magical and physical power is greatly enhanced at high health.
You are immune to freezing clouds.


Message History

You hear a shout!
The bag of meat shouts!
You hear two shouts!
Unknown command.
You slash the meat berserker!
You slaughter the meat berserker joyfully.
You kill the meat berserker!
You cannot train any new skill.
You slice something!!
You dissect something like a pig carcass.
Reactivating autopickup.
You feel a bit more experienced.
You hear a shout! x11
A bag of meat comes into view.
It is wielding a +9 war axe. 2 orcs and a vampire knight come into view.
The destroyer is wielding a +9 great sword of slicing.
You hear a shout! x2
The bag of meat moves out of view.
You hear a shout! x2
A bolt of negative energy appears from out of thin air!
Deactivating autopickup; reactivate with Ctrl-A.
The bolt of negative energy hits you!
You feel drained.
You die...

.###)).).)))........#
..)))))).)))###))...#
...))......)).))....#
#.......#.#)))..))))#
#.................).#
#......#.#.#......)%#
...........oo......)#
........#.#%#O.#)...#
.###..........#.@%..#
.# ...........#....#
.# .....#.....# ..
...........#
#......##..# #. ...#
...# # .... ..# o.V##
..#


You could see a destroyer (wandering), a large bag of meat (inner flame) and 3
bags of meat.

Vanquished Creatures
  Sigmund (D)
  2 hell beasts (D)
  9 vampire knights (D)
  23 ogres (D)
  A two-headed ogre (D)
  44 orcs (D)
  3 phantoms (D)
  4 skeletal warriors (D)
  4 large abominations (D)
  3 small abominations (D)
  4 crawling corpses (D)
98 creatures vanquished.

Vanquished Creatures (others)
  A crawling corpse (D)
1 creature vanquished.

Grand Total: 99 creatures vanquished

Notes
Turn   | Place    | Note
-------+----------+-------------------------------------------
     0 | D        | pkoi the Demonspawn Warper began the quest for the Orb.
     0 | D        | Reached XP level 1. HP: 16/16 MP: 3/3
     4 | D        | Noticed a bag of meat
     4 | D        | Noticed a bag of meat
     5 | D        | Noticed a bag of meat
     6 | D        | Noticed a meat berserker
     7 | D        | Noticed a bag of meat
     9 | D        | Noticed a bag of meat
     9 | D        | Killed a meat berserker
     9 | D        | Reached skill level 27 in Axes
     9 | D        | Gained mutation: Your flesh is cold resistant. (rC+) [demonic ancestry]
     9 | D        | Reached XP level 2. HP: 24/24 MP: 4/6
     9 | D        | Reached XP level 3. HP: 29/29 MP: 4/7
     9 | D        | Gained mutation: You are partially covered in molten scales. (AC +2) [demonic ancestry]
     9 | D        | Reached XP level 4. HP: 36/36 MP: 5/9
     9 | D        | Gained mutation: You are partially covered in sharp spines. [demonic ancestry]
     9 | D        | Reached XP level 5. HP: 41/41 MP: 5/10
     9 | D        | Reached XP level 6. HP: 47/47 MP: 5/11
     9 | D        | Gained mutation: You are mostly covered in sharp spines. [demonic ancestry]
     9 | D        | Reached XP level 7. HP: 52/52 MP: 5/12
     9 | D        | Gained mutation: You have large cloven feet. [demonic ancestry]
     9 | D        | Reached XP level 8. HP: 59/59 MP: 5/13
     9 | D        | Reached XP level 9. HP: 64/64 MP: 5/14
     9 | D        | Reached XP level 10. HP: 70/70 MP: 5/15
     9 | D        | Gained mutation: You are mostly covered in molten scales. (AC +3) [demonic ancestry]
     9 | D        | Reached XP level 11. HP: 75/75 MP: 5/16
     9 | D        | Reached XP level 12. HP: 82/82 MP: 5/17
     9 | D        | Gained mutation: You have hoof-like feet. [demonic ancestry]
     9 | D        | Reached XP level 13. HP: 87/87 MP: 5/18
     9 | D        | Killed a bag of meat
    10 | D        | Noticed a meat berserker
    10 | D        | Noticed a bag of meat
    10 | D        | Killed a bag of meat
    10 | D        | Reached skill level 10 in Armour
    10 | D        | Gained mutation: You are immune to freezing clouds. [demonic ancestry]
    10 | D        | Reached XP level 14. HP: 114/114 MP: 5/29
    11 | D        | Noticed a bag of meat
    11 | D        | Noticed a bag of meat
    12 | D        | Noticed a bag of meat
    12 | D        | Killed a bag of meat
    13 | D        | Noticed a meat berserker
    13 | D        | Killed a bag of meat
    13 | D        | Reached skill level 15 in Fighting
    13 | D        | Reached XP level 15. HP: 129/129 MP: 5/33
    14 | D        | Noticed a destroyer
    14 | D        | Killed a meat berserker
    15 | D        | Noticed a meat berserker
    15 | D        | Reached XP level 16. HP: 145/145 MP: 5/37
    17 | D        | Noticed a meat berserker
    19 | D        | Killed a meat berserker
    19 | D        | Reached XP level 17. HP: 162/162 MP: 6/41
    20 | D        | Noticed a meat berserker
    20 | D        | Noticed a meat berserker
    20 | D        | Noticed a meat berserker
    21 | D        | Noticed a meat berserker
    22 | D        | Noticed a meat berserker
    22 | D        | Killed a destroyer
    22 | D        | Reached XP level 18. HP: 178/178 MP: 7/46
    22 | D        | Killed a meat berserker
    23 | D        | Reached skill level 27 in Fighting
    23 | D        | Reached XP level 19. HP: 189/189 MP: 7/48
    23 | D        | Killed a meat berserker
    23 | D        | Reached skill level 27 in Armour
    23 | D        | Reached skill level 27 in Dodging
    23 | D        | Reached skill level 27 in Spellcasting
    24 | D        | Noticed a destroyer
    25 | D        | Killed a meat berserker
    25 | D        | Reached skill level 15 in Throwing
    25 | D        | Reached skill level 15 in Unarmed Combat
    25 | D        | Gained mutation: You are completely covered in molten scales. (AC +4, rF+) [demonic ancestry]
    25 | D        | Reached XP level 20. HP: 197/197 MP: 8/51
    26 | D        | Killed a meat berserker
    26 | D        | Killed a meat berserker
    27 | D        | Noticed a meat berserker
    27 | D        | Gained mutation: You have hooves in place of feet. [demonic ancestry]
    27 | D        | Reached XP level 21. HP: 204/204 MP: 8/52
    27 | D        | Killed a destroyer
    27 | D        | Reached skill level 27 in Stealth
    27 | D        | Noticed a destroyer
    28 | D        | Reached skill level 27 in Throwing
    28 | D        | Reached skill level 27 in Unarmed Combat
    28 | D        | Reached XP level 22. HP: 174/212 MP: 8/53
    31 | D        | Noticed a destroyer
    32 | D        | Killed a destroyer
    32 | D        | Gained mutation: Your magical and physical power is slightly enhanced at high health. [demonic ancestry]
    32 | D        | Reached XP level 23. HP: 182/219 MP: 9/54
    33 | D        | Noticed a destroyer
    34 | D        | Noticed a destroyer
    34 | D        | Killed a destroyer
    36 | D        | Killed a destroyer
    36 | D        | Gained mutation: You are completely covered in sharp spines. [demonic ancestry]
    36 | D        | Reached XP level 24. HP: 190/227 MP: 10/54
    37 | D        | Killed a destroyer
    39 | D        | Noticed a destroyer
    43 | D        | Gained mutation: A meltable icy envelope protects you from harm. (AC +0) [demonic ancestry]
    43 | D        | Reached XP level 25. HP: 198/234 MP: 12/54
    43 | D        | Killed a destroyer
    44 | D        | Noticed a large bag of meat
    45 | D        | Noticed a destroyer
    46 | D        | Gained mutation: Your magical and physical power is enhanced at high health. [demonic ancestry]
    46 | D        | Reached XP level 26. HP: 206/242 MP: 13/54
    50 | D        | Noticed a tyrant
    51 | D        | Killed a destroyer
    51 | D        | Gained mutation: Your magical and physical power is greatly enhanced at high health. [demonic ancestry]
    51 | D        | Reached XP level 27. HP: 215/249 MP: 15/54
    54 | D        | Noticed an accursed
    58 | D        | Noticed a destroyer
    61 | D        | Noticed The Captor
    62 | D        | Killed a destroyer
    62 | D        | Killed The Captor
    62 | D        | Noticed a meat beast
    65 | D        | Killed a meat beast
    66 | D        | Killed a large bag of meat
    76 | D        | Noticed a meat beast
    80 | D        | Learned a level 2 spell: Blink
    83 | D        | Killed a meat beast
    83 | D        | Reached skill level 27 in Translocations
    93 | D        | Noticed a destroyer
    93 | D        | Killed from afar by a wretched soul

Skill      XL: |  1  2  3  4  5  6  7  8  9 10 11 12 13 14 15 16 17 18 19 20 21 22 23 24 25 26 27 |
---------------+----------------------------------------------------------------------------------+-----
Axes           | 27 | 27.0
Fighting       | 3 11 15 18 22 25 27 | 27.0
Armour         | 2 10 14 17 20 23 25 27 | 27.0
Dodging        | 3 11 14 17 20 23 25 27 | 27.0
Spellcasting   | 3 11 14 17 20 24 25 27 | 27.0
Throwing       | 15 21 27 | 27.0
Stealth        | 16 22 27 | 27.0
Unarmed Combat | 15 21 27 | 27.0
Translocations | 27 | 27.0

Action                   |  1- 3 |  4- 6 |  7- 9 | 10-12 | 13-15 | 16-18 | 19-21 | 22-24 | 25-27 || total
-------------------------+-------+-------+-------+-------+-------+-------+-------+-------+-------++-------
Melee: Executioner's axe |       |       |       |       |     5 |     6 |     4 |     9 |    25 ||    49
Armor: Leather armour    |       |       |       |       |       |       |       |       |     2 ||     2
Dodge: Dodged            |       |       |       |       |       |       |       |       |     5 ||     5
